 Dungeon Crawl Stone Soup version 0.29-a0-25-g7f48f510a0 (webtiles) character file.

Game seed: 1888652332459858349

107 lunkers the Insei (level 4, 0/32 HPs)
             Began as a Merfolk Transmuter on Jan 31, 2022.
             Slain by a hound (2 damage)
             ... on level 3 of the Dungeon.
             The game lasted 00:05:12 (2995 turns).

lunkers the Insei (Merfolk Transmuter)              Turns: 2995, Time: 00:05:12

Health: 0/32       AC:  3    Str: 10    XL:     4   Next: 86%
Magic:  1/7        EV: 12    Int: 14    God:
Gold:   84         SH:  0    Dex: 14    Spells: 1/7 levels left

rFire   . . .      SeeInvis .     - Unarmed
rCold   . . .      Faith    .   (no shield)
rNeg    . . .      Spirit   .   a - +0 robe
rPois   .          Reflect  .   (helmet currently unavailable)
rElec   .          Harm     .   c - +0 cloak
rCorr   .          Rampage  .   (no gloves)
Will    .....                   (boots currently unavailable)
Stlth   +.........              (no amulet)
HPRegen 0.10/turn               (no ring)
MPRegen 0.10/turn               (no ring)

@: appendages, flying
A: horns 2, (nimble swimmer 2), mertail
a: End Transformation


You were on level 3 of the Dungeon.
You had temporarily grown beastly horns.
You visited 1 branch of the dungeon, and saw 3 of its levels.

You collected 84 gold pieces.

Inventory:

Armour
 a - a +0 robe (worn)
 c - a +0 cloak (worn)
Scrolls
 b - 4 scrolls of identify {unknown}
 d - 5 scrolls of teleportation {unknown}
 e - 2 scrolls of noise {unknown}
 g - a scroll of fog {unknown}
 h - a scroll of blinking {unknown}
 i - a scroll of immolation {unknown}
Potions
 j - a potion of curing {unknown}
 k - a potion of berserk rage {unknown}
 l - a potion of ambrosia {unknown}


   Skills:
 - Level 1.1 Fighting
 - Level 2.6 Dodging
 * Level 5.2 Unarmed Combat
 - Level 2.0 Spellcasting
 + Level 4.2 Transmutations


You had one spell level left.
You knew the following spells:

 Your Spells              Type           Power      Damage    Failure   Level
b - Wereblood             Tmut           13%        N/A       6%          2
c - Spider Form           Tmut/Pois      7%         N/A       30%         3
p - Beastly Appendage     Tmut           26%        N/A       4%          1

Your spell library contained the following spells:

 Spells                   Type           Power      Damage    Failure   Level
 Ice Form                 Ice/Tmut       7%         N/A       69%         4


Dungeon Overview and Level Annotations

Branches:
Dungeon (3/15)

Altars:


Innate Abilities, Weirdness & Mutations

You have temporarily grown beastly horns.
((You are very nimble when in or above water. (Stealth+, EV+, Speed+++)))
Your lower body shifts to a powerful aquatic tail in water.


Message History

The hound is lightly wounded.
The hound closely misses you.
Unknown command.
You hit the hound.
The hound is moderately wounded.
The hound misses you.
Unknown command.
You barely miss the hound.
The hound is moderately wounded.
The hound misses you. The hound barely misses you.
Unknown command.
You closely miss the hound.
The hound is moderately wounded.
The hound bites you.
* * * LOW HITPOINT WARNING * * *
It was a potion of flight.
You feel very buoyant.
You fly up into the air.
The hound barely misses you. The hound bites you.
* * * LOW HITPOINT WARNING * * *
Unknown command.
You completely miss the hound.
The hound is moderately wounded.
The hound barely misses you.
Unknown command.
Unknown command.
You closely miss the hound.
The hound is moderately wounded.
The hound bites you.
* * * LOW HITPOINT WARNING * * *
Your magical contamination has completely faded away.
Unknown command.
You miss the hound. Your headbutt misses the hound.
The hound is moderately wounded.
The hound misses you. The hound barely misses you.
Unknown command.
Unknown command.
You miss the hound. You headbutt the hound. You punch the hound.
The hound is almost dead.
The hound bites you.
You die...

................. +...#
..##....))###########...#
..##.#.........(..#:'...#
..#..####.........###'####
.##.# #..#.#####..P.P..#
.##. #..#.# #.......# .#
#..#.## #..#..### ###.##
#.....####g.##.#
............#...@hh....#
#########.......##..####
.# #.......##..†.# ##
#.......##..#.#
#...........#.#
#..........## #
............#
##.......#### ##.


You could see 2 hounds and a gnoll.

Vanquished Creatures
  4 adders
  2 worms (D:2)
  2 dart slugs (D:3)
  4 orcs (D:3)
  3 ball pythons (D:1)
  5 bats
  7 endoplasms
  3 giant cockroaches
  5 goblins
  3 hobgoblins
  A quokka (D:1)
  2 frilled lizards (D:1)
  6 kobolds
  8 rats
55 creatures vanquished.

Notes
Turn   | Place    | Note
-------+----------+-------------------------------------------
     0 | D:1      | lunkers the Merfolk Transmuter began the quest for the Orb.
     0 | D:1      | Reached XP level 1. HP: 15/15 MP: 3/3
   250 | D:1      | Reached XP level 2. HP: 18/21 MP: 1/5
   606 | D:1      | Reached skill level 4 in Unarmed Combat
  1089 | D:2      | Reached XP level 3. HP: 25/26 MP: 4/6
  1096 | D:2      | Learned a level 2 spell: Wereblood
  1100 | D:2      | Learned a level 3 spell: Spider Form
  1694 | D:2      | Reached XP level 4. HP: 31/32 MP: 5/7
  2291 | D:3      | Reached skill level 5 in Unarmed Combat
  2472 | D:3      | HP: 1/32 [poisoned by an adder]
  2993 | D:3      | HP: 1/32 [hound (1)]
  2995 | D:3      | Slain by a hound

Illustrated notes

Levels and vault maps discovered:
D:1:      dpeg_arrival_erosion, layout_loops_ring
D:2:      layout_loops_ring, chequers_serial_rivers_small_3,
          hangedman_glass_garden, minivault_23, minmay_cupped
D:3:      layout_loops_ring, minmay_misc_feat_hallway, cheibrodos_gnoll_hut

Skill      XL: |  1  2  3  4 |
---------------+-------------+-----
Transmutations | 3 4 |  4.2
Unarmed Combat | 4 5 |  5.2
Fighting       | |  1.1
Dodging        | |  2.6
Spellcasting   | |  2.0

Action                   |  1- 3 |  4- 6 || total
-------------------------+-------+-------++-------
Melee: Unarmed           |    84 |    77 ||   161
       Headbutt          |     7 |    10 ||    17
       Punch             |     3 |     3 ||     6
 Cast: Beastly Appendage |    25 |    15 ||    40
  Use: Potion            |       |     2 ||     2
 Stab: Sleeping          |       |     1 ||     1
Armor: Robe              |    16 |     8 ||    24
Dodge: Dodged            |    34 |    55 ||    89

Table legend: (Time is in decaauts)
 A = Elapsed time spent in this place.
 B = Non-inter-level travel time spent in this place.
 C = Inter-level travel time spent in this place.
 D = Time resting spent in this place.
 E = Time spent auto-exploring this place.
 F = Levels seen in this place.
 G = Mean time per level.
                   A        B        C        D        E       F      G
               +--------+--------+--------+--------+--------+-----+--------+
         Total |   2971 |   2896 |     75 |      0 |   2449 |   3 |  990.3 |
       Dungeon |   2971 |   2896 |     75 |      0 |   2449 |   3 |  990.3 |
               +--------+--------+--------+--------+--------+-----+--------+

Top non-repeatable levels by time:
     D:2: 1145 daAuts
     D:1: 1076 daAuts
     D:3: 749 daAuts
